AoeStats
← TheHuisman

Black Forest

510213472Analyzed
4v4 RM · 2d ago on Sep 30, 2026· 58m 19s· 8 players
Game mode
Random Map
Map size
Large (8 player)
Population
200
Speed
Normal
Resources
Standard
Victory
Conquest
Starting age
Dark Age
Ending age
Imperial Age
RankedLock teamsTeams togetherTeam positionsShared explorationLock speedFull tech treeHidden civsTurbo modeCheats
Victory
Defeat
🇦🇷 Japanese · Argentina
1153
+17
🇨🇳 Britons · China
1145
+17
🇧🇷 Franks · Brazil
1128
+18
🇺🇸 Dravidians · United States
1108
+19
🇨🇴 Persians · Colombia
1201
-18
🇨🇴 Burgundians · Colombia
1171
-18
🇳🇿 Varangians · New Zealand
1170
-18
🇨🇴 Khmer · Colombia
1162
-17
Microsoft_edger
11:04 Feudal Age
12:02 Double-Bit Axe
12:49 Horse Collar
17:12 Castle Age
18:14 Bow Saw
19:00 Wheelbarrow
22:05 Heavy Plow
23:40 Hand Cart
23:50 Fletching
24:02 Padded Archer Armor
27:15 Gold Mining
27:25 Stone Mining
31:45 Imperial Age
30:07 Thumb Ring
30:25 Ballistics
30:23 Leather Archer Armor
30:25 Bodkin Arrow
31:59 Fishing Lines
31:53 Elite Elephant Archer
33:40 Chemistry
33:06 Bracer
33:19 Gillnets
34:07 Medical Corps
34:29 Conscription
34:42 Ring Archer Armor
35:43 Bombard Tower
38:30 Caravan
51:58 Pikeman
52:38 Squires
K
2:06 Loom
12:15 Feudal Age
12:48 Double-Bit Axe
21:38 Castle Age
28:32 Imperial Age
27:35 Bow Saw
28:42 Forging
27:55 Pikeman
30:16 Chemistry
29:39 Scale Mail Armor
31:08 Iron Casting
30:48 Halberdier
35:46 Wheelbarrow
35:49 Chain Mail Armor
36:06 Fortified Wall
37:49 Plate Mail Armor
37:52 Masonry
39:10 Blast Furnace
39:33 Squires
39:18 Gambesons
39:46 Caravan
40:23 Block Printing
41:16 Sanctity
41:23 Elite Throwing Axeman
41:24 Ordonnance Companies
42:47 Scale Barding Armor
44:30 Murder Holes
45:07 Architecture
44:29 Fletching
45:28 Bodkin Arrow
45:56 Ballistics
47:02 Padded Archer Armor
46:49 Arrowslits
48:20 Leather Archer Armor
51:43 Onager
52:27 Treadmill Crane
TheHuisman
6:29 Loom
8:15 Feudal Age
9:47 Arson
10:27 Man-at-Arms
12:35 Scale Mail Armor
16:43 Forging
20:01 Castle Age
19:07 Forging
19:34 Horse Collar
20:08 Stone Mining
20:05 Double-Bit Axe
22:39 Fletching
26:19 Squires
26:04 Gambesons
26:45 Gambesons
29:11 Town Watch
30:02 Wheelbarrow
32:09 Gold Mining
33:26 Town Patrol
36:54 Imperial Age
34:57 Padded Archer Armor
35:28 Elite Skirmisher
36:54 Bow Saw
37:03 Bodkin Arrow
39:14 Two-Man Saw
38:24 Caravan
39:06 Conscription
39:27 Heavy Plow
41:00 Gold Shaft Mining
41:01 Bracer
42:40 Iron Casting
43:03 Hoardings
43:12 Masonry
45:45 Blast Furnace
45:27 Elite Samurai
46:24 Chain Mail Armor
47:03 Hand Cart
48:06 Plate Mail Armor
47:51 Leather Archer Armor
49:25 Chemistry
49:37 Ballistics
49:28 Fortified Wall
50:52 Ring Archer Armor
54:23 Kataparuto
54:35 Murder Holes
54:53 Pikeman
57:22 Halberdier
Coldplay
0:59 Loom
18:42 Feudal Age
25:04 Castle Age
23:02 Double-Bit Axe
24:13 Horse Collar
24:40 Fletching
27:09 Heavy Plow
27:24 Bow Saw
32:16 Ballistics
34:32 Wheelbarrow
35:05 Bodkin Arrow
35:54 Padded Archer Armor
37:13 Gold Mining
38:13 Hand Cart
38:37 Gold Shaft Mining
38:28 Leather Archer Armor
42:16 Imperial Age
42:18 Yeomen
42:24 Scale Mail Armor
42:36 Forging
43:40 Conscription
42:45 Elite Longbowman
44:04 Ring Archer Armor
44:51 Chemistry
44:04 Stone Mining
45:21 Two-Man Saw
44:23 Bracer
46:59 Chain Mail Armor
46:54 Forging
47:32 Warwolf
47:12 Pikeman
47:55 Squires
48:30 Plate Mail Armor
48:44 Hoardings
47:55 Halberdier
49:23 Murder Holes
49:10 Treadmill Crane
52:20 Iron Casting
51:52 Siege Engineers
51:58 Masonry
54:48 Blast Furnace
54:21 Architecture
55:57 Town Watch
56:03 Arson
56:14 Arrowslits
Bullfrog_III
0:28 Loom
12:19 Feudal Age
11:23 Double-Bit Axe
25:15 Castle Age
24:46 Stone Mining
24:51 Gold Mining
28:21 Fishing Lines
28:50 Fletching
28:48 Town Watch
29:48 Bodkin Arrow
30:41 Pikeman
33:04 Gillnets
35:48 Cavalier
38:00 Bow Saw
38:46 Fortified Wall
39:24 Scale Barding Armor
39:31 Forging
40:16 Husbandry
43:39 Chain Barding Armor
45:04 Two-Man Saw
43:53 Horse Collar
46:02 Iron Casting
46:05 Heavy Plow
50:33 Imperial Age
48:42 Wheelbarrow
48:23 Town Patrol
51:51 Paladin
53:30 Hand Cart
Sir Toad
10:08 Feudal Age
18:20 Castle Age
17:39 Loom
20:18 Double-Bit Axe
20:17 Horse Collar
30:10 Imperial Age
28:58 Heavy Plow
29:13 Bow Saw
31:27 Scale Barding Armor
33:31 Chain Barding Armor
36:21 Cavalier
38:16 Plate Barding Armor
38:38 Bloodlines
38:40 Forging
39:26 Wheelbarrow
38:40 Town Watch
39:06 Savar
40:26 Iron Casting
40:11 Masonry
40:24 Capped Ram
41:54 Husbandry
44:00 Hand Cart
48:39 Blast Furnace
48:21 Crop Rotation
52:36 Two-Man Saw
55:40 Conscription
55:39 Fletching
56:45 Architecture
Richi_Escarlata
10:29 Feudal Age
11:22 Loom
14:16 Castle Age
13:27 Double-Bit Axe
13:23 Horse Collar
29:15 Imperial Age
28:25 Bow Saw
28:21 Heavy Plow
30:18 Town Watch
31:08 Wheelbarrow
31:39 Conscription
37:28 Crop Rotation
37:19 Gold Mining
37:21 Stone Mining
39:20 Chemistry
39:58 Hand Cart
42:18 Gold Shaft Mining
42:20 Stone Shaft Mining
42:15 Double Crossbow
47:13 Siege Engineers
47:07 Fishing Lines
49:25 Heavy Scorpion
52:50 Bloodlines
52:40 Husbandry
54:02 Gillnets
55:20 Fletching
55:41 Forging
55:36 Scale Barding Armor
55:53 Ballistics
Denoxs
0:46 Loom
21:59 Feudal Age
23:01 Fishing Lines
23:35 Double-Bit Axe
29:13 Castle Age
27:55 Arson
28:12 Scale Mail Armor
28:23 Forging
30:33 Iron Casting
30:14 Chain Mail Armor
30:44 Gillnets
33:17 Squires
36:51 Wheelbarrow
39:52 Hand Cart
52:18 Hand Cart
Connection lost

Rejoining the realm…

Still unreachable

The connection could not be restored.

Session expired

The server has moved on; the page needs a fresh start.